 Dungeon Crawl Stone Soup version 0.23.1 (webtiles) character file.

Game seed: 2498126176743040096

98 Gunterle the Slasher (level 4, -9/39 HPs)
             Began as a Minotaur Fighter on Mar 11, 2019.
             Killed by nerve-wracking pain
             ... invoked by Jessica
              (11 damage)
             ... on level 2 of the Dungeon.
             The game lasted 00:04:38 (1446 turns).

Gunterle the Slasher (Minotaur Fighter)             Turns: 1446, Time: 00:04:38

Health: -9/39      AC:  6    Str: 22    XL:     4   Next: 43%
Magic:  3/3        EV:  7    Int:  5    God:
Gold:   75         SH:  9    Dex:  9    Spells: 3/3 levels left

rFire    . . .     SeeInvis .   a - +0 long sword
rCold    . . .     Gourm    .   c - +0 shield
rNeg     . . .     Faith    .   b - +0 scale mail
rPois    .         Spirit   .   (helmet restricted)
rElec    .         Reflect  .   (no cloak)
rCorr    .         Harm     .   (no gloves)
MR       .....                  (no boots)
Stlth    ..........             (no amulet)
HPRegen  0.13/turn              (no ring)
MPRegen  0.08/turn              (no ring)

@: no status effects
A: retaliatory headbutt, horns 2
a: no special abilities


You were on level 2 of the Dungeon.
You were hungry.

You visited 1 branch of the dungeon, and saw 2 of its levels.

You collected 75 gold pieces.

Inventory:

Hand Weapons
 a - a +0 long sword (weapon)
 k - a +0 hunting sling
 n - a +0 spear
Missiles
 i - 37 stones (quivered)
Armour
 b - a +0 scale mail (worn)
 c - a +0 shield (worn)
 s - a +0 helmet
Jewellery
 p - a +3 ring of strength {unknown}
 r - an uncursed ring of protection from magic {unknown}
Scrolls
 e - 3 scrolls of teleportation {unknown}
 l - a scroll of immolation {unknown}
 m - a scroll of noise {unknown}
 o - a scroll of remove curse {unknown}
Potions
 d - a potion of might
 g - a potion of agility {unknown}
 h - 2 potions of heal wounds {unknown}
 j - 2 potions of curing {unknown}
 q - a potion of cancellation {unknown}
Comestibles
 f - 4 rations


   Skills:
 - Level 3.6 Fighting
 + Level 5.7 Long Blades
 - Level 3.6 Armour
 - Level 3.6 Shields


You had 3 spell levels left.
You didn't know any spells.
Your spell library was empty.

Dungeon Overview and Level Annotations

Branches:
Dungeon (2/15)

Altars:
Fedhas

Annotations:
D:2 Jessica


Innate Abilities, Weirdness & Mutations

You reflexively headbutt those who attack you in melee.
You have a pair of horns on your head.


Message History

Jessica blinks!
Jessica points at you and mumbles some strange words.
Pain shoots through your body!
* * * LOW HITPOINT WARNING * * *
Jessica hits you.
* * * LOW HITPOINT WARNING * * *
You closely miss Jessica.
Jessica casts a spell.
Jessica blinks!
Jessica mumbles some strange words.
Jessica blinks!
You block Jessica's attack. Jessica hits you.
* * * LOW HITPOINT WARNING * * *
You block Jessica's attack.
You closely miss Jessica. Your headbutt misses Jessica.
You block Jessica's attack. Jessica casts a spell at you.
Pain shoots through your body!
You die...

#.P #.. #$# #.# #.#
#.# #.## #..## #####
#@..###...## #.
##@.........######.
##..#..).#.........≈
#..##....##...###..≈
#..#......#...# #.#≈
#.##..##..##..# #.#.
#.#..####..#.## #.#≈
#.#..####..#.####.##
##.##..##..##........


You could see Jessica.

Vanquished Creatures
  A worker ant (D:2)
  2 adders (D:2)
  An ooze (D:1)
  A worm (D:2)
  2 leopard geckos
  An orc (D:2)
  6 giant cockroaches
  5 goblins
  2 hobgoblins (D:2)
  4 jackals (D:1)
  3 ball pythons (D:1)
  3 bats
  2 frilled lizards (D:1)
  8 kobolds
  3 rats
44 creatures vanquished.

Notes
Turn   | Place    | Note
-------+----------+-------------------------------------------
     0 | D:1      | Gunterle the Minotaur Fighter began the quest for the Orb.
     0 | D:1      | Reached XP level 1. HP: 19/19 MP: 0/0
    36 | D:1      | Reached skill level 3 in Long Blades
   130 | D:1      | Reached XP level 2. HP: 26/26 MP: 1/1
   460 | D:1      | Reached skill level 4 in Long Blades
   555 | D:1      | Reached XP level 3. HP: 26/31 MP: 2/2
   863 | D:2      | Reached skill level 5 in Long Blades
   863 | D:2      | Reached XP level 4. HP: 23/39 MP: 3/3
  1323 | D:2      | Found a blossoming altar of Fedhas.
  1420 | D:2      | Noticed Jessica
  1446 | D:2      | Killed from afar by Jessica

Skill      XL: |  1  2  3 |
---------------+----------+-----
Long Blades    | 3 4 5 |  5.7
Fighting       | |  3.6
Armour         | |  3.6
Shields        | |  3.6

Action                   |  1- 3 |  4- 6 || total
-------------------------+-------+-------++-------
Melee: Long sword        |    77 |    44 ||   121
       Headbutt          |    14 |     9 ||    23
Throw: Stone             |       |     1 ||     1
  Eat: Chunk             |       |     1 ||     1
Armor: Scale mail        |    35 |    20 ||    55
Dodge: Dodged            |    21 |     9 ||    30
Block: Shield            |    47 |    20 ||    67
       Rpst.: Long sword |    11 |     3 ||    14
